 Dungeon Crawl Stone Soup version 0.30-a0-777-ga9a30cbeda (webtiles) character file.

Game seed: 11295030557013339030

1754 Dirtsage the Basher (level 8, 0/56 (64) HPs)
             Began as a Demonspawn Fighter on Feb 14, 2023.
             Slain by a wight
             ... wielding a +4 falchion of freezing
              (1 damage)
             ... on level 6 of the Dungeon.
             The game lasted 00:14:08 (5895 turns).

Dirtsage the Basher (Demonspawn Fighter)            Turns: 5895, Time: 00:14:09

HP:   0/56 (64)     AC: 12    Str: 18      XL:     8   Next: 78%
MP:   8/8           EV:  7    Int: 10      God:
Gold: 60            SH:  9    Dex: 11 (13) Spells: 7/7 levels left

rFire   + . .      SeeInvis .    a - +0 flail
rCold   + + .      Faith    .    c - +0 buckler
rNeg    . . .      Spirit   .    G - +2 chain mail {rPois}
rPois   +          Reflect  +    (helmet restricted)
rElec   .          Harm     .    g - scarf {rC+ rF+}
rCorr   .          Rampage  .    (no gloves)
Will    .....                    E - +0 pair of boots Stlth
                                 i - amulet of reflection
HPRegen 0.29/turn                I - ring of protection from cold
MPRegen 0.11/turn                (no ring)

@: mighty, heavily drained
A: antennae 1, powered by pain 1, sturdy frame 1
a: no special abilities


You were on level 6 of the Dungeon.
You visited 1 branch of the dungeon, and saw 6 of its levels.

You collected 263 gold pieces.
You spent 203 gold pieces at shops.

Inventory:

Hand Weapons
 a - a +0 flail (weapon)
Armour
 b - a +0 scale mail
 c - a +0 buckler (worn)
 g - a scarf of resistance (worn)
 t - a +0 kite shield
 y - a +0 chain mail
 E - a +0 pair of boots (worn)
 G - a +2 chain mail of poison resistance (worn)
Magical Staves
 F - a staff of earth
Jewellery
 i - an amulet of reflection (around neck)
 I - a ring of protection from cold (left hand)
Wands
 z - a wand of flame (18)
 D - a wand of digging (9)
Scrolls
 e - 5 scrolls of blinking {unknown}
 f - a scroll of summoning {unknown}
 j - 2 scrolls of enchant weapon {unknown}
 l - a scroll of torment {unknown}
 m - 3 scrolls of teleportation {unknown}
 o - 5 scrolls of identify {unknown}
 p - 3 scrolls of enchant armour {unknown}
 v - 2 scrolls of brand weapon {unknown}
 x - a scroll of vulnerability {unknown}
 A - a scroll of fear {unknown}
 B - 3 scrolls of magic mapping {unknown}
 C - a scroll of poison {unknown}
Potions
 d - 2 potions of might
 h - 3 potions of haste
 k - 3 potions of brilliance {unknown}
 n - a potion of magic {unknown}
 q - 3 potions of curing
 r - a potion of berserk rage {unknown}
 s - 3 potions of attraction {unknown}
 u - a potion of heal wounds {unknown}
 w - a potion of mutation {unknown}


   Skills:
 + Level 6.2 Fighting
 * Level 8.7 Maces & Flails
 - Level 2.6 Armour
 - Level 4.2 Shields


You had 7 spell levels left.
You didn't know any spells.
Your spell library contained the following spells:

 Spells                   Type           Power      Damage    Failure   Level
 Dazzling Flash           Conj/Hex       0%         N/A       100%        3
 Agony                    Necr           0%         N/A       100%        5
 Silence                  Hex/Air        0%         N/A       100%        5


Dungeon Overview and Level Annotations

Branches:
Dungeon (6/15)
 Temple: D:4-7

Altars:
Ashenzari
Makhleb
Okawaru
Sif Muna
Trog
Uskayaw
Vehumet
Xom

Shops:
D:2 [((   D:5 (


Innate Abilities, Weirdness & Mutations

You have a pair of small antennae on your head.
You sometimes gain a little power by taking damage.
Your movements are slightly less encumbered by armour. (ER -2)


Message History

You take 1 damage, and have 29/58 hp.
You closely miss the wight. The wight hits you but does no damage.
You block the wight's attack.
You sock the wight!
The wight is heavily damaged.
The wight barely misses you. The wight hits you with a +1 scimitar.
You take 3 damage, and have 26/58 hp.
You thump the wight!
You destroy the wight!
You block the wight's attack. You block the wight's attack.
Items here: )) [[.
You hit the wight.
The wight is lightly damaged.
The wight hits you with a +4 trident.
You feel drained.
You take 8 damage, and have 19/59 hp.
You hit the wight but do no damage.
The wight is lightly damaged.
The wight hits you with a +4 trident.
* * * LOW HITPOINT WARNING * * *
You feel drained.
You take 2 damage, and have 17/58 hp.
You completely miss the wight.
The wight is lightly damaged.
The wight hits you with a +4 trident.
* * * LOW HITPOINT WARNING * * *
You feel drained.
* * * LOW HITPOINT WARNING * * *
You take 5 damage, and have 12/56 hp.
You sock the wight!
You destroy the wight!
You feel your dexterity returning.
You thump the wight!
The wight is heavily damaged.
The wight hits you with a +4 falchion of freezing!
* * * LOW HITPOINT WARNING * * *
You feel drained.
* * * LOW HITPOINT WARNING * * *
The wight freezes you.
You die...

.. . . P # .♣. .
..# .# #.. .# .
#.# .#. #z# .. #@#
# #.# #
###....#####.# +
............>#
######...).###.#.#
....#.......##.#.#
###.#.......##.#.#
..#.#........#...#
..#†#......#.###.#


You could see a wight.

Vanquished Creatures
  Sigmund (D:2)
  A black bear (D:5)
  An ice beast (D:6)
  2 ogres (D:5)
  A bullfrog (D:6)
  5 scorpions
  3 wights (D:6)
  A howler monkey (D:5)
  3 hounds
  A quasit (D:6)
  3 jellies
  2 orc priests (D:6)
  3 iguanas
  Natasha (thrice) (D:2)
  4 orc wizards
  Robin (D:2)
  6 adders
  3 white imps
  4 ufetubi (D:6)
  A worm (D:2)
  2 dart slugs
  7 orcs
  4 endoplasms
  A giant cockroach (D:4)
  10 goblins
  9 hobgoblins
  3 jackals (D:4)
  4 kobolds
  5 ball pythons
  4 bats (D:3)
  9 frilled lizards
  5 rats
112 creatures vanquished.

Vanquished Creatures (others)
  3 demonic plants (D:6)
  4 plants (D:2)
7 creatures vanquished.

Grand Total: 119 creatures vanquished

Notes
Turn   | Place    | Note
-------+----------+-------------------------------------------
     0 | D:1      | Dirtsage the Demonspawn Fighter began the quest for the
                  | Orb.
     0 | D:1      | Reached XP level 1. HP: 18/18 MP: 1/1
    67 | D:1      | Reached skill level 2 in Maces & Flails
   184 | D:1      | Gained mutation: Your movements are slightly less
                  | encumbered by armour. (ER -2) [demonic ancestry]
   184 | D:1      | Reached XP level 2. HP: 24/24 MP: 2/2
   611 | D:2      | Reached XP level 3. HP: 23/29 MP: 3/3
   730 | D:2      | Found Malir's Antique Weapon Boutique.
   734 | D:2      | Noticed Robin
   734 | D:2      | You fall into a shaft and drop 1 floor!
   815 | D:2      | Found Zayjog's Weapon Shoppe.
   823 | D:2      | Reached skill level 3 in Maces & Flails
   880 | D:2      | Noticed Sigmund
   926 | D:2      | Killed Sigmund
   927 | D:2      | Reached skill level 4 in Maces & Flails
   927 | D:2      | Gained mutation: You sometimes gain a little power by
                  | taking damage. [demonic ancestry]
   927 | D:2      | Reached XP level 4. HP: 35/35 MP: 4/4
   927 | D:2      | Gained mutation: You have a pair of small antennae on your
                  | head. [demonic ancestry]
   927 | D:2      | Reached XP level 5. HP: 41/41 MP: 5/5
   974 | D:2      | Found Kukadat's Armour Shop.
  1122 | D:2      | Found a faded altar of an unknown god.
  1170 | D:2      | Killed Robin
  1191 | D:2      | Noticed Natasha
  1203 | D:2      | Killed Natasha
  1232 | D:2      | Noticed Natasha
  1247 | D:2      | Killed Natasha
  1308 | D:2      | Noticed Natasha
  1314 | D:2      | Killed Natasha
  1315 | D:2      | Reached XP level 6. HP: 24/47 MP: 6/6
  1816 | D:3      | Found a burning altar of Makhleb.
  1816 | D:3      | Noticed a green death
  1823 | D:3      | Noticed an angel
  1900 | D:3      | Found a bloodstained altar of Trog.
  2111 | D:3      | Found an iron altar of Okawaru.
  2426 | D:3      | Reached skill level 5 in Maces & Flails
  2966 | D:4      | Found a broken altar of Ashenzari.
  3439 | D:5      | Entered Level 5 of the Dungeon
  3520 | D:5      | Found Suasu Hoga's Antique Weapon Boutique.
  3745 | D:5      | Reached XP level 7. HP: 4/53 MP: 7/7
  3772 | D:5      | Reached skill level 6 in Maces & Flails
  4080 | D:5      | Found a shimmering blue altar of Sif Muna.
  4169 | D:5      | Found a radiant altar of Vehumet.
  4170 | D:5      | Found a shimmering altar of Xom.
  4604 | D:6      | Reached skill level 7 in Maces & Flails
  4707 | D:6      | Reached XP level 8. HP: 18/61 MP: 8/8
  4860 | D:6      | Reached skill level 5 in Fighting
  5198 | D:6      | Reached skill level 8 in Maces & Flails
  5279 | D:6      | Noticed a +0 dagger
  5280 | D:6      | Found a hide-covered altar of Uskayaw.
  5280 | D:6      | Noticed a +0 dagger
  5648 | D:2      | Bought a +2 chain mail of poison resistance for 203 gold
                  | pieces
  5895 | D:6      | HP: 1/56 [wight/+4 falchion of freezing (3)]
  5895 | D:6      | Slain by a wight

Illustrated notes

Levels and vault maps discovered:
D:1:      minmay_arrival_radiant_lines, layout_rooms
D:2:      layout_basic, hellmonk_ecumenical_altar_zigzags, serial_shops,
          nicolae_shop_competitors_out_of_business,
          nicolae_shop_overgrown_old_shop, shop, kennysheep_generic_room_13,
          uniq_robin, uniq_sigmund, uniq_natasha
D:3:      layout_basic, grunt_temple_overflow_order_and_chaos_2, trog_book,
          okawaru_trees_2, kennysheep_nondescript
D:4:      layout_basic, lemuel_crystal_altar, mrwooster_statue_mirror
D:5:      layout_loops_ring, led_sif_pool, nicolae_overflow_squiral,
          serial_shops, nicolae_inconvenience_store
D:6:      layout_basic, dancing_weapons_uskayaw, serial_demonic,
          serial_demonic_a, serial_demonic_d, serial_demonic_e,
          serial_demonic_b, serial_demonic_b

Skill      XL: |  1  2  3  4  5  6  7  8 |
---------------+-------------------------+-----
Maces & Flails | 2 4 5 7 8 |  8.7
Shields        | 3 4 |  4.2
Fighting       | 4 6 |  6.2
Armour         | |  2.6

Action                     |  1- 3 |  4- 6 |  7- 9 || total
---------------------------+-------+-------+-------++-------
  Melee: Flail             |    99 |   194 |   255 ||   548
  Evoke: Wand              |       |       |     1 ||     1
    Use: Potion            |       |     1 |     6 ||     7
 Armour: Scale mail        |    32 |    56 |       ||    88
         Chain mail        |       |     6 |   111 ||   117
  Dodge: Dodged            |    35 |    67 |    49 ||   151
  Block: Buckler           |    30 |   111 |   119 ||   260
         Reflection        |       |     2 |     1 ||     3

Table legend: (Time is in decaauts)
 A = Elapsed time spent in this place.
 B = Non-inter-level travel time spent in this place.
 C = Inter-level travel time spent in this place.
 D = Time resting spent in this place.
 E = Time spent auto-exploring this place.
 F = Levels seen in this place.
 G = Mean time per level.
                   A        B        C        D        E       F      G
               +--------+--------+--------+--------+--------+-----+--------+
         Total |   5974 |   5677 |    297 |    120 |   4318 |   6 |  995.7 |
       Dungeon |   5974 |   5677 |    297 |    120 |   4318 |   6 |  995.7 |
               +--------+--------+--------+--------+--------+-----+--------+

Top non-repeatable levels by time:
     D:2: 1411 daAuts
     D:6: 1185 daAuts
     D:5: 1169 daAuts
     D:3: 1001 daAuts
     D:4: 734 daAuts
     D:1: 472 daAuts
